 Dungeon Crawl Stone Soup version 0.16-a0-3843-ged98c6c (webtiles) character file.

210 timbw the Chopper (level 6, 1/47 HPs)
             Began as a Human Berserker on Jan 30, 2015.
             Was a Believer of Trog.
             Quit the game on level 9 of the Dungeon.
             The game lasted 00:09:48 (1350 turns).

timbw the Chopper (Human Berserker)                 Turns: 1350, Time: 00:09:48

Health: 1/47       AC:  9    Str: 23    XL:     6   Next: 12%
Magic:  6/6        EV: 16    Int:  7    God:    Trog [**....]
Gold:   109        SH:  0    Dex: 19    Spells: 0 memorised, 5 levels left

rFire  . . .     SeeInvis .     a - +0 hand axe
rCold  . . .     Clarity  .     f - +0 scale mail
rNeg   . . .     SustAb   .     (no shield)
rPois  .         Gourm    .     k - +2 helmet
rElec  .         Spirit   .     (no cloak)
rCorr  .         Warding  .     (no gloves)
rMut   .         Stasis   .     (no boots)
MR     .....                    (no amulet)
Stlth  +.........               (no ring)
                                (no ring)

@: confused, mighty, agile, very slightly contaminated, hasted, very quick, not
resistant to hostile enchantments, very unstealthy
A: fangs 1, regeneration 1, no device heal 1
a: Burn Spellbooks, Berserk, Trog's Hand, Renounce Religion


You were on level 9 of the Dungeon.
You worshipped Trog.
Trog was pleased with you.
You were not hungry.

You visited 1 branch of the dungeon, and saw 9 of its levels.

You collected 109 gold pieces.

Inventory:

Hand weapons
 a - a +0 hand axe (weapon)
 t - a +0 blowgun
Missiles
 g - 10 tomahawks (quivered)
 u - 9 poisoned needles
Armour
 b - a +0 animal skin
 f - a +0 scale mail (worn)
 k - a +2 helmet (worn)
Magical devices
 w - a wand of random effects (25)
Scrolls
 e - a scroll of enchant armour
 m - a scroll of teleportation {unknown}
 r - a scroll of fog {unknown}
 v - a scroll of recharging {unknown}
Potions
 c - a potion of invisibility
 j - a potion of might
 o - a potion of cure mutation
Comestibles
 s - a bread ration


   Skills:
 - Level 3.0 Fighting
 + Level 6.3 Axes
 - Level 2.0 Armour
 - Level 2.0 Dodging


You had 5 spell levels left.
You didn't know any spells.

Dungeon Overview and Level Annotations

Branches:
Dungeon (9/15)             Temple (0/1) D:5
   Lair: D:8-11         Orc: D:9-12

Altars:
Kikubaaqudgha
Okawaru

Annotations:
D:9 emiel's ghost, powerful HEWz


Innate Abilities, Weirdness & Mutations

You have very sharp teeth.
Your natural rate of healing is unusually fast.
Potions and wands are less effective at restoring your health.


Message History

* * * LOW HITPOINT WARNING * * *
Emiel's ghost hits you but does no damage.
You swing at nothing.
You are engulfed in noxious fumes.
You choke on the stench!
You are more confused.
* * * LOW HITPOINT WARNING * * *
Emiel's ghost misses you.
You swing at nothing.
You are engulfed in noxious fumes.
You choke on the stench!
You are more confused.
You closely miss emiel's ghost.
Emiel's ghost is moderately damaged.
You are engulfed in noxious fumes.
You choke on the stench!
You are more confused.
* * * LOW HITPOINT WARNING * * *
Emiel's ghost hits you.
* * * LOW HITPOINT WARNING * * *
You're too confused!
Unknown command.
Are you sure you want to abandon this character and quit the game? (Confirm with "yes".)

#..# #.# #..# #.# #..###.#
##...##.# ......#.#
##......##########
#................#
##......########ยง#
##...### #@# #.### #W## #.#
#..## #+# #...# ##...#
##.## #.....# #.# .......#
# #.# ........#
##...##.######.#.
........+..................


You could see emiel's ghost.

Vanquished Creatures
  A crocodile (D:9)
  A jelly (D:8)
  Robin (D:2)
  An adder (D:3)
  3 gnolls (D:3)
  A giant mite (D:3)
  2 giant geckos
  An ooze (D:4)
  3 orcs
  2 giant cockroaches
  10 goblins
  3 hobgoblins (D:2)
  5 kobolds
  A quokka (D:5)
  3 bats
  A giant newt (D:1)
  4 rats
43 creatures vanquished.

Vanquished Creatures (others)
  4 toadstools (D:1)
4 creatures vanquished.

Grand Total: 47 creatures vanquished

Notes
Turn   | Place    | Note
--------------------------------------------------------------
     0 | D:1      | timbw, the Human Berserker, began the quest for the Orb.
     0 | D:1      | Reached XP level 1. HP: 18/18 MP: 1/1
   143 | D:1      | Reached XP level 2. HP: 14/24 MP: 2/2
   225 | D:2      | Noticed Robin
   228 | D:2      | Killed Robin
   229 | D:2      | Reached skill level 4 in Axes
   229 | D:2      | Reached XP level 3. HP: 29/29 MP: 3/3
   247 | D:2      | Acquired Trog's second power
   475 | D:3      | Reached XP level 4. HP: 10/35 MP: 4/4
   496 | D:3      | Reached skill level 5 in Axes
   639 | D:3      | Reached XP level 5. HP: 26/41 MP: 5/5
   728 | D:5      | Entered Level 5 of the Dungeon
   801 | D:5      | Found a staircase to the Ecumenical Temple.
   948 | D:7      | Found an ancient bone altar of Kikubaaqudgha.
   981 | D:7      | Noticed a hungry ghost
   983 | D:8      | Found an iron altar of Okawaru.
  1090 | D:9      | Noticed a crocodile
  1102 | D:9      | Killed a crocodile
  1102 | D:9      | Reached skill level 6 in Axes
  1102 | D:9      | Reached XP level 6. HP: 47/47 MP: 6/6
  1191 | D:9      | Noticed emiel's ghost (powerful HEWz)
  1312 | D:9      | HP: 1/47 [emiel's ghost (2)]
  1313 | D:9      | Gained mutation: You have very sharp teeth. [potion of mutation]
  1313 | D:9      | Gained mutation: Potions and wands are less effective at restoring your health. [potion of mutation]
  1313 | D:9      | Gained mutation: Your natural rate of healing is unusually fast. [potion of mutation]
  1327 | D:9      | HP: 1/47 [emiel's ghost (7)]
  1333 | D:9      | HP: 2/47 [emiel's ghost] (1)]
  1349 | D:9      | HP: 1/47 [emiel's ghost (4)]
  1350 | D:9      | Quit the game

Action                   |  1- 3 |  4- 6 || total
-------------------------+-------+-------++-------
Melee: Hand axe          |    69 |   104 ||   173
 Fire: Blowgun           |       |     1 ||     1
Invok: Berserk           |     1 |     6 ||     7
       Trog's Hand       |     1 |     7 ||     8
  Use: Scroll            |       |     5 ||     5
       Potion            |       |     8 ||     8
 Stab: Invisible         |       |     2 ||     2
  Eat: Bread ration      |       |     1 ||     1
       Meat ration       |       |     1 ||     1
       Chunk             |       |     1 ||     1
